 Dungeon Crawl Stone Soup version 0.30-a0-756-gc2185399d4 (webtiles) character file.

Game seed: 10121876075001004065

1902714 Flugkiller the Conqueror (level 25, 257/257 HPs)
             Began as a Minotaur Wanderer on Feb 9, 2023.
             Was the Champion of Trog.
             Escaped with the Orb
             ... and 3 runes!
             The game lasted 01:23:05 (51991 turns).

Flugkiller the Conqueror (Minotaur Wanderer)       Turns: 51991, Time: 01:23:05

Health: 257/257    AC: 53    Str: 20    XL:     25   Next: 34%
Magic:  22/22      EV: 16    Int: 15    God:    Trog [******]
Gold:   4346       SH: 37    Dex: 16    Spells: 24/24 levels left

rFire   + + +      SeeInvis +    D - +12 broad axe of Raot {heavy, Will+}
rCold   + + .      Faith    .    S - +8 tower shield {rPois}
rNeg    + + +      Spirit   .    v - +12 gold dragon scales
rPois   +          Reflect  +    a - +2 hat "Gahuit" {rC+ rN++}
rElec   +          Harm     .    T - +2 cloak {Will+}
rCorr   .          Rampage  .    E - +0 pair of gloves of Goakaif {rN+ SInv}
Will    ++++.                    o - +2 pair of boots "Mogiloxt" {rElec Int+5} Stlth
                                 Z - amulet of reflection
HPRegen 0.62/turn                I - ring of Twilight {rF+ rN+ EV+5}
MPRegen 0.18/turn                A - ring "Filyhydu" {rElec rF+ Will+ Int+4}

@: no status effects
A: horns 2, retaliatory headbutt, iridescent scales 2, deterioration 2, dopey 1,
weak 2
0: Orb of Zot
}: 3/15 runes: serpentine, barnacled, silver
a: Renounce Religion, Berserk, Trog's Hand, Brothers in Arms


You escaped.
You worshipped Trog.
Trog was exalted by your worship.
You visited 8 branches of the dungeon, and saw 44 of its levels.
You visited 1 bazaar.
You also visited: Trove, Gauntlet, Ice Cave and Desolation.

You collected 7646 gold pieces.
You spent 3300 gold pieces at shops.

Inventory:

Hand Weapons
 D - the +12 broad axe of Raot (weapon) {heavy, Will+}
   (Trog gifted it to you on level 1 of the Depths)

   Will:      It increases your willpower.
Missiles
 f - 11 curare-tipped darts
 B - 8 silver boomerangs
 J - 2 throwing nets
 M - 15 silver javelins (quivered)
Armour
 a - the +2 hat "Gahuit" (worn) {rC+ rN++}
   (You acquired it on level 5 of the Lair of Beasts)

   rC:        It protects you from cold.
   rN:        It greatly protects you from negative energy.
 o - the +2 pair of boots "Mogiloxt" (worn) {rElec Int+5}
   (You found it on level 3 of the Snake Pit)

   Int:       It affects your intelligence (+5).
   rElec:     It insulates you from electricity.
 v - +12 gold dragon scales (worn)
   (You took it off Parghit on level 1 of the Realm of Zot)
 E - the +0 pair of gloves of Goakaif (worn) {rN+ SInv}
   (You found it on level 15 of the Dungeon)

   rN:        It protects you from negative energy.
   SInv:      It lets you see invisible.
 S - a +8 tower shield of poison resistance (worn)
   (You took it off a naga warrior on level 3 of the Snake Pit)
 T - a +2 cloak of willpower (worn)
   (You bought it in a shop on level 10 of the Dungeon)
Jewellery
 c - a ring of protection from cold
   (You found it on level 3 of the Snake Pit)
 p - a +4 ring of protection
   (You found it in a treasure trove)
 A - the ring "Filyhydu" (right hand) {rElec rF+ Will+ Int+4}
   (You found it on level 2 of the Shoals)

   [ring of protection from fire]

   Int:       It affects your intelligence (+4).
   rF:        It protects you from fire.
   rElec:     It insulates you from electricity.
   Will:      It increases your willpower.
 I - the ring of Twilight (left hand) {rF+ rN+ EV+5}
   (You found it on level 4 of the Shoals)

   [ring of evasion]

   EV:        It affects your evasion (+5).
   rF:        It protects you from fire.
   rN:        It protects you from negative energy.
 Z - an amulet of reflection (around neck)
   (You found it in an ice cave)
Wands
 L - a wand of charming (22)
   (You found it on level 14 of the Dungeon)
 N - a wand of iceblast (13)
   (You found it in a Gauntlet)
 Q - a wand of acid (35)
   (You found it in a Gauntlet)
 R - a wand of mindburst (51)
   (You took it off a gnoll sergeant on level 11 of the Dungeon)
 X - a wand of digging (21)
   (You found it on level 13 of the Dungeon)
Scrolls
 e - 3 scrolls of butterflies
 i - 7 scrolls of fear
 j - 4 scrolls of magic mapping
 r - 11 scrolls of vulnerability
 t - 13 scrolls of teleportation
 x - 3 scrolls of silence
 z - 5 scrolls of blinking
 C - 12 scrolls of fog
 W - a scroll of immolation
Potions
 b - 6 potions of berserk rage
 d - 9 potions of might
 h - 3 potions of haste
 l - 8 potions of flight
 n - 2 potions of resistance
 q - 23 potions of curing
 s - 7 potions of attraction
 u - 4 potions of mutation
 w - 11 potions of heal wounds
 F - 3 potions of ambrosia
 G - 3 potions of invisibility
 H - 4 potions of magic
 V - 2 potions of cancellation
Miscellaneous
 g - a phantom mirror
   (You found it on level 4 of the Shoals)
 k - a phial of floods
   (You found it on level 4 of the Snake Pit)
 y - a tin of tremorstones (2/2)
   (You found it on level 15 of the Dungeon)
 O - a lightning rod (4/4)
   (You found it on level 1 of the Depths)
 P - a box of beasts
   (You found it in a Gauntlet)
 Y - a condenser vane
   (You found it on level 3 of the Snake Pit)


   Skills:
 O Level 27 Fighting
 - Level 17.6(18.0) Axes
 - Level 6.0(12.9) Polearms
 - Level 20.0 Throwing
 + Level 24.4 Armour
 - Level 14.0 Dodging
 - Level 1.0 Stealth
 + Level 24.6 Shields
 - Level 2.1 Unarmed Combat
 - Level 12.0 Evocations


You had 24 spell levels left.
You didn't know any spells.
Your spell library contained the following spells:

 Spells                   Type           Power      Damage    Failure   Level
 Apportation              Tloc           0%         N/A       99%         1
 Necrotise                Necr           0%         1d4       99%         1
 Summon Small Mammal      Summ           0%         N/A       99%         1
 Frozen Ramparts          Ice            0%         1d1       100%        3
 Kindle Blastsparks       Fire/Tloc/Air  0%         2d10      100%        3
 Fulminant Prism          Conj/Hex       0%         3d5       100%        4
 Ice Form                 Ice/Tmut       0%         N/A       100%        4
 Iskenderun's Mystic Bla  Conj/Tloc      0%         2d3       100%        4
 Summon Ice Beast         Ice/Summ       0%         N/A       100%        4
 Lee's Rapid Deconstruct  Erth           0%         3d4*      100%        5


Dungeon Overview and Level Annotations

Branches:
Dungeon (15/15)            Temple (0/1) D:5            Lair (5/5) D:11
 Shoals (4/4) Lair:2        Snake (4/4) Lair:2        Slime (0/5) Lair:4
    Orc (2/2) D:10            Elf (0/3) Orc:2        Vaults (5/5) D:14
  Crypt (0/3) Vaults:2     Depths (4/4) D:15            Zot (5/5) Depths:4
  IceCv (visited)         Desolation (visited)      Gauntlet (visited)

Altars:
Ashenzari
Elyvilon
Fedhas
Gozag
Kikubaaqudgha
Makhleb
Nemelex Xobeh
Trog
Wu Jian
Yredelemnul
Zin
Jiyva

Shops:
D:1 *   D:7 =   D:10 [   D:14 (   Orc:2 (=(*   Shoals:2 *([*   Snake:1 :==
Snake:3 ([   Snake:4 =   Vaults:1 [   Depths:1 !

Portals:
Hell: Depths:1 Depths:2 Depths:3 Depths:4
Abyss: Depths:2 Depths:3
Pandemonium: Depths:1 Depths:2
Ziggurat: Depths:2

Annotations:
D:6 2 transporters, Crownlay's ghost, novice HOFE
D:14 2 transporters, Amoel's ghost, journeyman MiBe; Roxanne
Lair:2 exclusion: oklob plant
Shoals:2 2 transporters, Tiucw's ghost, adept BaCj
Vaults:2 2 transporters, Vivivvi's ghost, veteran DjCj
Depths:4 4 runed translucent doors


Innate Abilities, Weirdness & Mutations

You have a pair of horns on your head.
You reflexively headbutt those who attack you in melee.
You are mostly covered in iridescent scales. (AC +4)
Your body often deteriorates upon taking damage.
You are dopey. (Int -2)
You are very weak. (Str -4)


Message History

(D) Dungeon (T) Temple (L) Lair (A) Shoals (P) Snake Pit (M) Slime Pits (O) Orcish Mines (E) Elven Halls (V) Vaults (C) Crypt (U) Depths (H) Hell (Z) Zot
Where to? (Enter - D:1 @ (x,y), ? - help)
There is a stone staircase leading up here.
You climb upwards.
There is a stone staircase leading down here.
An Orb Guardian comes into view.
You slash the Orb Guardian! You headbutt the Orb Guardian.
The Orb Guardian is moderately wounded.
You block the Orb Guardian's attack. x2
You closely miss the Orb Guardian. You headbutt the Orb Guardian.
The Orb Guardian is moderately wounded.
You block the Orb Guardian's attack.
You slice the Orb Guardian!! You headbutt the Orb Guardian.
The Orb Guardian is heavily wounded.
You block the Orb Guardian's attack. x2
You slice the Orb Guardian like a ripe choko!!!
You kill the Orb Guardian!
Trog accepts your kill.
No target in view!
No target in view!
No target in view!
No target in view!
There is an open door here.
A Waekhit, a lich, a chaos spawn and a hell beast come into view.
There is a stone staircase leading up here.
The lich shouts!
The chaos spawn squeals angrily.
You climb upwards.
There is a stone staircase leading down here.
(D) Dungeon (T) Temple (L) Lair (A) Shoals (P) Snake Pit (M) Slime Pits (O) Orcish Mines (E) Elven Halls (V) Vaults (C) Crypt (U) Depths (H) Hell (Z) Zot
Where to? (Enter - D:1 @ (x,y), ? - help)
There is a stone staircase leading up here.
You climb upwards.
There is a stone staircase leading down here.
You see here a +0 spear.
There is an entrance to Fequgeic's Jewellery Boutique here.
There is a stone staircase leading up, spattered with blood here.
You climb upwards.
Level annotation: 2 transporters, Crownlay's ghost, novice HOFE
There is a stone staircase leading down here.
The orc shouts!
The jelly quivers.
Crownlay's ghost turns its malevolent gaze towards you.
There is a transporter here.
You see here 5 stones.
There is a stone staircase leading up here.
You climb upwards.
There is a stone staircase leading down here.
A hell beast comes into view.
There is a stone staircase leading up here.
You climb upwards.
There is a stone staircase leading down here.
(D) Dungeon (T) Temple (L) Lair (A) Shoals (P) Snake Pit (M) Slime Pits (O) Orcish Mines (E) Elven Halls (V) Vaults (C) Crypt (U) Depths (H) Hell (Z) Zot
Where to? (Enter - D:1 @ (x,y), ? - help)
An efreet comes into view.
It is wielding a +0 scimitar of flaming.
There is a stone staircase leading up, spattered with blood here.
There is a stone staircase leading up, spattered with blood here.
The efreet gestures at you.
The fireball explodes!
The fireball engulfs you but does no damage.
You climb upwards.
There is a stone staircase leading down here.
(D) Dungeon (T) Temple (L) Lair (A) Shoals (P) Snake Pit (M) Slime Pits (O) Orcish Mines (E) Elven Halls (V) Vaults (C) Crypt (U) Depths (H) Hell (Z) Zot
Where to? (Enter - D:1 @ (x,y), ? - help)
There is a stone staircase leading up here.
You climb upwards.
Uley comes into view.
There is a stone staircase leading down here.
An ice devil comes into view.
Uley moves out of view.
There is a stone staircase leading up here.
You climb upwards.
There is a stone staircase leading down here.
(D) Dungeon (T) Temple (L) Lair (A) Shoals (P) Snake Pit (M) Slime Pits (O) Orcish Mines (E) Elven Halls (V) Vaults (C) Crypt (U) Depths (H) Hell (Z) Zot
Where to? (Enter - D:1 @ (x,y), ? - help)
You see here a +0 buckler.
There is an open door here.
There is an open door here.
There is an open door here.
There is an open door here.
There is an open door here.
There is an open door here.
There is an open door here.
There is a staircase leading out of the dungeon here.
Enter note: gg You have escaped!

......###....##.......#..........
.............##..##.....#........
###.#.##'#######'##########......
#.#.#...#...#...#...# ##.##.##
###.#.#...'...'...'.⌠.####...#.#
......#...#...#...#...#........#
###.####'#######'###'#####...####
#.# #...#...#...#...# ##.## #
#.###...#...'.@.#.⌠.# #.# #
#>..#...#...#...#...# #.# #
#...##'#######'###'## #.# #
#.###...#...#...#...# #.# # #.#
#...#...'...#...# #.# #
###.###...#...#...#...# #.# #
......##'############## #.#####
###.###...#...#...#...# #......
#.# #...'...'...'.⌠.# ######.


There were no monsters in sight!

Vanquished Creatures
  4 ancient liches (Zot:5)
  5 dread liches
  6 orbs of fire
  2 juggernauts (Depths:3)
  Saint Roka (Depths:3)
  Parghit (Zot:1)
  Frederick (Vaults:5)
  3 Killer Klowns (Zot:5)
  Vashnia (Snake:4)
  2 curse toes (Zot:1)
  Nikola (Snake:1)
  7 golden dragons
  A bone dragon (Depths:4)
  2 electric golems (Zot:5)
  A Tzitzimitl (Depths:2)
  Rupert (Snake:1)
  2 hellephants (Depths:3)
  18 tentacled monstrosities
  27 Orb Guardians
  3 liches
  4 titans
  3 quicksilver dragons
  A kraken (Shoals:2)
  2 sphinxes
  The ghost of Qeucad the Lord of Darkness, an adept DDNe of Kikubaaqudgha (Shoals:3)
  The ghost of PaleRider the Grappler, an adept TrFi of the Shining One (Snake:3)
  18 storm dragons
  4 death cobs
  7 shadow dragons
  4 tengu reavers
  Ilsuiw (Shoals:2)
  5 fire giants
  8 nagarajas
  3 draconian scorchers
  The ghost of rlgrobin the Martial Artist, an adept DsWn of Cheibriados (D:15)
  4 draconian knights
  2 deep elf sorcerers (Vaults:5)
  16 vault wardens
  6 frost giants
  Aizul (Snake:2)
  2 imperial myrmidons (Desolation)
  3 ghost moths
  2 orc warlords
  9 ironbound preservers
  7 draconian shifters
  Louise (Snake:3)
  2 draconian stormcallers
  A spriggan defender (Depths:2)
  4 war gargoyles
  34 very ugly things
  3 draconian annihilators
  16 stone giants
  12 green draconians
  11 ironbound thunderhulks
  10 black draconians
  14 dire elephants
  20 red draconians
  9 purple draconians
  A lorocyproca (Zot:4)
  2 spark wasps (Depths:2)
  A halazid warlock (Desolation)
  8 yellow draconians
  A deep elf annihilator (Vaults:5)
  10 ettins
  9 white draconians
  A minotaur (Gauntlet)
  11 fire dragons
  2 crystal guardians (Desolation)
  8 merfolk javelineers
  A deep elf death mage (Vaults:5)
  17 yaktaur captains
  A blizzard demon (Depths:1)
  5 merfolk impalers
  2 jiangshi (Depths:3)
  7 ragged hierophants (Desolation)
  7 ice dragons
  7 ogre magi
  7 great orbs of eyes
  4 salamander tyrants
  4 rakshasas
  29 vault guards
  4 merfolk aquamancers
  A boulder beetle (shapeshifter) (D:15)
  7 servants of whispers (Desolation)
  8 peacekeepers (Desolation)
  10 ironbound frosthearts
  4 anacondas
  9 hydras
  5 merfolk avatars
  5 alligator snapping turtles
  17 centaur warriors
  6 spriggan air magi
  4 death yaks (Lair:5)
  A two-headed ogre (shapeshifter) (Depths:4)
  3 death knights
  10 deep troll shamans
  6 satyrs
  19 boulder beetles
  11 naga warriors
  9 tengu warriors
  13 two-headed ogres
  12 hell hogs
  An alligator (Snake:2)
  Urug (Lair:3)
  9 spriggan berserkers
  5 deep troll earth magi
  2 vampire magi (Depths:3)
  A thrashing horror (Gauntlet)
  9 naga sharpshooters
  2 sun demons
  11 shock serpents
  3 hell knights
  6 iron trolls
  A shadow wraith (Vaults:5)
  A sixfirhy (Depths:1)
  A fire crab (Lair:4)
  An iron troll (shapeshifter) (Vaults:5)
  A cherub (Depths:1)
  9 skeletal warriors
  A sea snake (shapeshifter) (D:11)
  A deep troll (shapeshifter) (Vaults:5)
  3 flayed ghosts
  9 salamander mystics
  14 sea snakes
  A goliath frog (Snake:2)
  5 glowing orange brains
  2 shadow demons
  32 deep trolls
  2 spectral anacondas (Snake:3)
  21 ironbound convokers
  2 naga ritualists
  Pikel (D:6)
  An obsidian statue (Shoals:3)
  A steelbarb worm (shapeshifter) (Vaults:5)
  6 wizards
  2 necromancers
  8 phantasmal warriors
  3 orc knights
  8 lindwurms
  3 wolf spiders
  25 harpies
  A deep elf pyromancer (D:12)
  9 mana vipers
  9 orc sorcerers
  38 ugly things
  12 cyclopes
  12 fauns
  14 salamanders
  16 manticores
  20 moths of wrath
  3 merfolk sirens
  2 spectral shock serpents (Snake:3)
  26 black mambas
  3 ice statues (IceCv)
  12 naga magi
  A rust devil (Depths:1)
  5 water nymphs
  18 vault sentinels
  3 smoke demons (D:11)
  5 guardian serpents
  2 torpor snails
  3 gargoyles
  An orange demon (D:12)
  3 efreet
  3 unseen horrors
  An unseen horror (shapeshifter) (D:13)
  7 molten gargoyles (Desolation)
  15 cane toads
  2 rime drakes
  11 komodo dragons
  5 kobold demonologists
  A hellion (Depths:2)
  34 yaktaurs
  2 anaconda simulacra
  An ice devil (Depths:1)
  2 tengu conjurers
  4 freezing wraiths
  A red devil (Depths:2)
  A merfolk (shapeshifter) (Vaults:5)
  2 hellwings
  2 polar bears (Lair:4)
  4 hornets
  15 trolls
  47 saltlings (Desolation)
  31 merfolk
  7 wind drakes
  A raiju (shapeshifter) (Depths:2)
  7 blink frogs (Lair:5)
  17 snapping turtles
  15 dream sheep
  34 slime creatures
  A slime creature (shapeshifter) (D:13)
  A ynoxinul (Depths:2)
  19 water elementals
  5 wraiths
  83 yaks
  A spriggan (Depths:4)
  3 shadows
  4 vampires
  19 fire elementals (Zot:1)
  15 wyverns
  4 basilisks
  A steam dragon (D:8)
  3 redbacks
  6 vampire mosquitoes
  A neqoxec (Depths:2)
  A death yak simulacrum (IceCv)
  An acid dragon (shapeshifter) (Vaults:5)
  11 wargs
  An acid dragon (D:11)
  A hydra simulacrum (IceCv)
  42 nagas
  25 water moccasins
  A swamp drake (shapeshifter) (D:13)
  2 spectral nagas (Snake:3)
  2 ice beasts (D:6)
  24 orc warriors
  2 black bears
  2 black mamba simulacra (Snake:3)
  13 centaurs
  11 boggarts
  10 ogres
  15 wolves
  2 lemures (D:6)
  2 phantoms
  2 kobold brigands
  15 bullfrogs
  A cane toad simulacrum (IceCv)
  2 necrophages
  2 gnoll sergeants (D:11)
  4 scorpions
  4 wights
  2 small abominations (Gauntlet)
  2 elephant simulacra (IceCv)
  10 killer bees
  3 howler monkeys
  3 hounds
  A jelly (D:7)
  10 orc priests
  4 iguanas
  34 orc wizards
  A wolf simulacrum (IceCv)
  19 adders
  7 gnolls
  2 shadow imps
  A white imp (D:7)
  An ufetubus (D:7)
  2 worms (D:4)
  2 dart slugs
  86 orcs
  8 endoplasms
  4 giant cockroaches (D:1)
  8 hobgoblins
  3 jackals (D:1)
  23 kobolds
  4 quokkas
  12 ball pythons
  5 bats
  4 frilled lizards (D:1)
  3 goblins
  6 rats
  4 tentacles (Shoals:2)
1993 creatures vanquished.

Vanquished Creatures (collateral kills)
  A golden dragon (Vaults:5)
  A titan (Vaults:5)
  A very ugly thing (Vaults:5)
  2 vault guards (Vaults:5)
  An ugly thing (Vaults:5)
6 creatures vanquished.

Vanquished Creatures (others)
  Xtahua (Depths:3)
  An efreet (D:13)
  A wolf spider simulacrum (D:15)
  An orc wizard (Orc:2)
  An orc (Depths:3)
  18 fungi
  213 plants
  2 tentacles (Shoals:2)
  3 withered plants (Depths:3)
241 creatures vanquished.

Grand Total: 2240 creatures vanquished

Notes
Turn   | Place    | Note
-------+----------+-------------------------------------------
     0 | D:1      | Flugkiller the Minotaur Wanderer began the quest for the
                  | Orb.
     0 | D:1      | Flugkiller set off with the following items: a +0 trident,
                  | a potion of lignification, a +0 buckler, a +0 leather
                  | armour, a potion of curing.
     0 | D:1      | Reached XP level 1. HP: 16/16 MP: 0/0
   145 | D:1      | Reached skill level 2 in Fighting
   162 | D:1      | Reached XP level 2. HP: 24/24 MP: 1/1
   274 | D:1      | Found Tumnom's Assorted Antiques.
   488 | D:1      | Reached XP level 3. HP: 27/30 MP: 2/2
   897 | D:1      | Reached skill level 3 in Fighting
  1070 | D:2      | Reached XP level 4. HP: 26/38 MP: 3/3
  1136 | D:2      | Reached skill level 5 in Polearms
  1865 | D:1      | Bought a scroll labelled KUYJ GIYDAPT for 21 gold pieces
  1865 | D:1      | Bought a scroll labelled BOCUSS QOIDGH for 21 gold pieces
  1865 | D:1      | Bought 3 scrolls labelled LAUKAHAJAK for 63 gold pieces
  2120 | D:3      | Noticed a scorpion
  2139 | D:3      | Reached skill level 4 in Fighting
  2182 | D:3      | Killed a scorpion
  2183 | D:3      | Reached XP level 5. HP: 31/47 MP: 4/4
  3031 | D:1      | Bought 2 metallic cyan potions for 37 gold pieces
  3221 | D:4      | Reached skill level 5 in Fighting
  3287 | D:4      | Found a bloodstained altar of Trog.
  3289 | D:4      | Found a glowing silver altar of Zin.
  3291 | D:4      | Found a broken altar of Ashenzari.
  3335 | D:4      | Found a white marble altar of Elyvilon.
  3336 | D:4      | Found an ornate altar of the Wu Jian Council.
  3351 | D:4      | Became a worshipper of Trog the Wrathful
  3375 | D:4      | Reached XP level 6. HP: 55/56 MP: 5/5
  3556 | D:4      | Reached skill level 6 in Fighting
  3556 | D:4      | Reached skill level 1 in Armour
  3785 | D:4      | Reached * piety under Trog
  3845 | D:4      | Reached XP level 7. HP: 16/63 MP: 6/6
  4043 | D:4      | Reached skill level 5 in Shields
  4652 | D:5      | Entered Level 5 of the Dungeon
  4793 | D:5      | Reached skill level 5 in Armour
  5225 | D:5      | Reached XP level 8. HP: 71/71 MP: 7/7
  5355 | D:5      | Found a staircase to the Ecumenical Temple.
  5596 | D:6      | Reached skill level 7 in Fighting
  5624 | D:6      | Noticed Pikel
  5693 | D:6      | Killed Pikel
  5694 | D:6      | Reached skill level 8 in Fighting
  5826 | D:6      | Found a transporter.
  5826 | D:6      | Found a transporter.
  5826 | D:6      | Noticed Crownlay's ghost (novice HOFE)
  6011 | D:6      | Noticed a kobold demonologist
  6031 | D:6      | Killed a kobold demonologist
  6032 | D:6      | Reached XP level 9. HP: 81/81 MP: 8/8
  6058 | D:6      | Noticed a troll
  6080 | D:6      | Killed a troll
  6081 | D:6      | Reached skill level 5 in Evocations
  6299 | D:6      | Reached ** piety under Trog
  6618 | D:7      | Found Fequgeic's Jewellery Boutique.
  6644 | D:6      | Reached skill level 5 in Dodging
  7065 | D:7      | Reached skill level 9 in Fighting
  7378 | D:7      | Reached XP level 10. HP: 78/93 MP: 9/9
  7663 | D:8      | Reached *** piety under Trog
  7668 | D:8      | Reached skill level 10 in Fighting
  7895 | D:8      | Reached skill level 10 in Armour
  8954 | D:10     | Entered Level 10 of the Dungeon
  8969 | D:9      | Reached skill level 11 in Fighting
  9030 | D:10     | Noticed a manticore
  9062 | D:9      | Killed a manticore
  9146 | D:9      | Reached XP level 11. HP: 102/104 MP: 10/10
  9288 | D:10     | Reached skill level 12 in Fighting
  9604 | D:10     | Noticed a two-headed ogre
  9631 | D:10     | Killed a two-headed ogre
  9698 | D:10     | Noticed a two-headed ogre
  9709 | D:10     | Killed a two-headed ogre
  9741 | D:10     | Found Qociusui's Armour Shoppe.
  9741 | D:10     | Found a staircase to the Orcish Mines.
  9749 | D:10     | Identified a scroll of acquirement
 10064 | D:10     | Acquired 830 gold pieces
 10066 | D:10     | Bought a +2 cloak of willpower for 258 gold pieces
 10066 | D:10     | Bought the +8 chain mail of the Guilds {Regen+} for 618
                  | gold pieces
 10183 | D:11     | Found a gate leading to a gauntlet.
 10236 | D:11     | Reached skill level 5 in Throwing
 10272 | Gauntlet | Entered a Gauntlet
 10272 | Gauntlet | Found a transporter.
 10279 | Gauntlet | Found a transporter.
 10281 | Gauntlet | Found a transporter.
 10292 | Gauntlet | Found a transporter.
 10295 | Gauntlet | Found a transporter.
 10299 | Gauntlet | Noticed a catoblepas
 10303 | Gauntlet | Found a transporter.
 10318 | Gauntlet | Noticed a death yak
 10319 | Gauntlet | Noticed a death yak
 10320 | Gauntlet | Found a transporter.
 10320 | Gauntlet | Noticed a death yak
 10322 | Gauntlet | Noticed a death yak
 10324 | Gauntlet | Noticed a death yak
 10326 | Gauntlet | Noticed a death yak
 10331 | Gauntlet | Found a transporter.
 10343 | Gauntlet | Found a transporter.
 10344 | Gauntlet | Noticed a thrashing horror
 10357 | Gauntlet | Found a transporter.
 10370 | Gauntlet | Found a runed translucent door.
 10371 | Gauntlet | Found a transporter.
 10371 | Gauntlet | Found a transporter.
 10372 | Gauntlet | Found a runed translucent door.
 10413 | Gauntlet | Found a transporter.
 10427 | Gauntlet | Found a transporter.
 10617 | Gauntlet | Killed a thrashing horror
 10618 | Gauntlet | Identified the +0 hat of Eternal Night {rPois Will++}
 10650 | Gauntlet | Noticed a minotaur
 10661 | Gauntlet | Killed a minotaur
 10671 | Gauntlet | Identified the +1 cloak of Lethargy {Slay+2}
 10712 | D:11     | Reached **** piety under Trog
 10946 | D:11     | Noticed a centaur warrior
 10954 | D:11     | Killed a centaur warrior
 10955 | D:11     | Reached XP level 12. HP: 112/112 MP: 11/11
 10974 | D:11     | Found a staircase to the Lair.
 11009 | D:11     | Noticed a boulder beetle
 11040 | D:11     | Killed a boulder beetle
 11069 | D:11     | Reached skill level 10 in Throwing
 11222 | D:11     | Noticed a boulder beetle
 11293 | D:11     | Killed a boulder beetle
 11294 | D:11     | Reached skill level 13 in Fighting
 11324 | D:11     | Noticed a boulder beetle
 11376 | D:11     | Killed a boulder beetle
 11463 | D:11     | Noticed a boulder beetle
 11478 | D:11     | Killed a boulder beetle
 11601 | D:11     | Noticed a yaktaur captain
 11601 | D:11     | Noticed a death knight
 11885 | D:11     | Noticed a centaur warrior
 11885 | D:11     | Noticed a war gargoyle
 11885 | D:11     | Noticed a boulder beetle
 11893 | D:11     | Killed a centaur warrior
 11894 | D:11     | Reached skill level 1 in Axes
 11902 | D:11     | Killed a war gargoyle
 11907 | D:11     | Killed a boulder beetle
 11920 | D:11     | Reached XP level 13. HP: 108/123 MP: 12/12
 11940 | D:11     | Identified the +5 quarterstaff of the Squeaky God {flame,
                  | rF+}
 12093 | D:11     | Identified the +6 glaive of Bodily Harmony {freeze, Int+2
                  | Stlth+}
 12118 | D:11     | Noticed a tengu reaver
 12147 | D:11     | Killed a tengu reaver
 12148 | D:11     | Reached skill level 14 in Fighting
 12511 | Lair:1   | Entered Level 1 of the Lair of Beasts
 12608 | Lair:1   | Reached skill level 5 in Axes
 13506 | D:1      | Bought a viscous black potion for 18 gold pieces
 13674 | D:7      | Bought a +4 ring of protection for 504 gold pieces
 13820 | Lair:2   | Identified the ring of Adghease {Ice rCorr Dex+3}
 13860 | Lair:2   | Found a blossoming altar of Fedhas.
 13981 | Lair:2   | Found a staircase to the Snake Pit.
 14016 | Lair:2   | Reached ***** piety under Trog
 14502 | Lair:2   | Reached skill level 15 in Fighting
 14502 | Lair:2   | Reached skill level 15 in Armour
 14538 | Lair:2   | Found a staircase to the Shoals.
 15455 | Lair:3   | Noticed Urug
 15464 | Lair:3   | Killed Urug
 15863 | Lair:4   | Reached XP level 14. HP: 135/135 MP: 13/13
 15913 | Lair:4   | Found a staircase to the Slime Pits.
 15917 | Lair:4   | Found a viscous altar of Jiyva.
 16081 | Lair:4   | Received a gift from Trog
 16134 | Lair:4   | Reached skill level 10 in Axes
 16482 | Lair:5   | Entered Level 5 of the Lair of Beasts
 16625 | Lair:5   | Found a frozen archway.
 16639 | IceCv    | Entered an ice cave
 17210 | Lair:5   | Identified the +5 executioner's axe of Trog's Regard
                  | {flame, rElec rF+ Str-2} (Trog gifted it to you on level 5
                  | of the Lair of Beasts)
 17210 | Lair:5   | Received a gift from Trog
 17290 | Lair:5   | Reached skill level 15 in Axes
 18503 | D:12     | Reached XP level 15. HP: 85/141 MP: 14/14
 19027 | D:13     | Identified the +2 robe of the Frog {rF+ SInv}
 19646 | D:12     | Reached skill level 10 in Dodging
 19728 | D:13     | Received a gift from Trog
 20104 | D:14     | Identified Roxanne's Vademecum on Vicissitude
 20104 | D:14     | Noticed Roxanne
 20296 | D:14     | Found Sudderaycu's Antique Weapon Shoppe.
 20387 | D:14     | Found a gate to the Vaults.
 20436 | D:14     | Found a transporter.
 20438 | D:14     | Noticed Amoel's ghost (journeyman MiBe)
 20499 | D:14     | Found a transporter.
 20784 | D:14     | Found a glowing silver altar of Zin.
 20916 | D:14     | Reached skill level 10 in Shields
 21040 | D:15     | Entered Level 15 of the Dungeon
 21112 | D:15     | Found a runed translucent gate.
 21113 | D:15     | Found a runed translucent gate.
 21117 | D:15     | Found a runed translucent gate.
 21117 | D:15     | Noticed rlgrobin's ghost (adept DsWn)
 21204 | D:15     | Found an opulent altar of Gozag.
 21265 | D:15     | Reached XP level 16. HP: 149/149 MP: 15/15
 21274 | D:15     | Received a gift from Trog
 21451 | D:15     | Found a staircase to the Depths.
 21455 | D:15     | Reached ****** piety under Trog
 22056 | D:15     | Killed rlgrobin's ghost
 22093 | D:15     | Identified the +0 pair of gloves of Goakaif {rN+ SInv}
 22263 | Orc:1    | Entered Level 1 of the Orcish Mines
 22368 | Orc:2    | Entered Level 2 of the Orcish Mines
 22423 | Orc:2    | Found a staircase to the Elven Halls.
 22547 | Orc:2    | Received a gift from Trog
 22563 | Orc:2    | Found Nun Efih's Jewellery Boutique.
 22581 | Orc:2    | Found Wootro Foeh's Antique Weapon Shoppe.
 22604 | Orc:2    | Bought a translucent war axe for 229 gold pieces
 22604 | Orc:2    | Identified the +8 war axe of Eklet {pain, Int+3 SInv} (You
                  | bought it in a shop on level 2 of the Orcish Mines)
 22642 | Orc:2    | Found a burning altar of Makhleb.
 22845 | Orc:2    | Found Purecs's General Store.
 22845 | Orc:2    | Found Udeoh's Weapon Shoppe.
 22853 | Orc:2    | Received a gift from Trog
 22880 | Orc:2    | Bought a scroll of butterflies for 44 gold pieces
 22886 | Orc:2    | Acquired the +2 hat "Gahuit" {rC+ rN++}
 23593 | Snake:1  | Entered Level 1 of the Snake Pit
 23853 | Snake:1  | Received a gift from Trog
 23902 | Snake:1  | Noticed Nikola
 23914 | Snake:1  | Killed Nikola
 24005 | Snake:1  | Noticed Rupert
 24021 | Snake:1  | Killed Rupert
 24289 | Snake:1  | Found Odyczen's Jewellery Shop.
 24290 | Snake:1  | Found Ososhracw's Book Shoppe.
 24292 | Snake:1  | Found Dutwuxza's Jewellery Shop.
 24906 | Snake:2  | Reached skill level 15 in Shields
 25036 | Snake:2  | Noticed Aizul
 25054 | Snake:2  | Killed Aizul
 25055 | Snake:2  | Reached XP level 17. HP: 131/156 MP: 16/16
 25462 | Snake:2  | Identified the +1 scale mail of the Puckish Ant {rF+ rN+}
 25697 | Snake:3  | Received a gift from Trog
 25872 | Snake:3  | Found Kemukoggi's Armour Emporium.
 25895 | Snake:3  | Found Kivup's Antique Weapon Shoppe.
 25936 | Snake:3  | Reached skill level 16 in Fighting
 26033 | Snake:3  | Found a runed translucent gate.
 26033 | Snake:3  | Found a runed translucent gate.
 26033 | Snake:3  | Found a runed translucent gate.
 26078 | Snake:3  | Noticed Louise
 26107 | Snake:3  | Killed Louise
 26739 | Snake:3  | Found a sparkling altar of Nemelex Xobeh.
 26836 | Snake:3  | Noticed PaleRider's ghost (adept TrFi)
 27124 | Snake:3  | Killed PaleRider's ghost
 27180 | Snake:3  | Identified the +2 pair of boots "Mogiloxt" {rElec Int+5}
 27251 | Snake:4  | Entered Level 4 of the Snake Pit
 27325 | Snake:4  | Found Pedeunid's Jewellery Shop.
 27336 | Snake:4  | Noticed Vashnia
 27711 | Snake:4  | Killed Vashnia
 27711 | Snake:4  | Received a gift from Trog
 28320 | Snake:4  | Got a serpentine rune of Zot
 28360 | Snake:4  | Identified the ring of Neh Qej {Fire MP+9 Dex+2}
 28392 | Snake:4  | Identified the +7 quarterstaff of Reapportionment {flame,
                  | rC- rN++ Will+++ Dex-3}
 28790 | Shoals:1 | Entered Level 1 of the Shoals
 28877 | Shoals:1 | Reached XP level 18. HP: 168/168 MP: 17/17
 29055 | Shoals:1 | Identified the +4 demon trident of Magnificence {flame,
                  | Str+5} (Trog gifted it to you on level 1 of the Shoals)
 29055 | Shoals:1 | Received a gift from Trog
 29460 | Shoals:2 | Found a flickering gateway to a bazaar.
 29496 | Bazaar   | Entered a bazaar
 29502 | Bazaar   | Found Faull's Weapon Shop.
 29515 | Bazaar   | Found Zifirr's Armour Shop.
 29528 | Bazaar   | Found Feett's Distillery.
 29528 | Bazaar   | Found Tici's Magic Scroll Shop.
 29544 | Bazaar   | Bought a scroll of blinking for 60 gold pieces
 29544 | Bazaar   | Bought a scroll of teleportation for 24 gold pieces
 29544 | Bazaar   | Bought a scroll of teleportation for 24 gold pieces
 29598 | Bazaar   | Bought a potion of mutation for 104 gold pieces
 29598 | Bazaar   | Bought a potion of berserk rage for 65 gold pieces
 29604 | Bazaar   | Bought a scroll of magic mapping for 60 gold pieces
 29604 | Bazaar   | Bought a scroll of magic mapping for 60 gold pieces
 29630 | Bazaar   | Bought a +0 crystal plate armour for 720 gold pieces
 29750 | Shoals:2 | Reached skill level 17 in Fighting
 29872 | Shoals:2 | Found a transporter.
 29885 | Shoals:2 | Noticed Tiucw's ghost (adept BaCj)
 29889 | Shoals:2 | Identified the ring "Jialacw" {rN+ Str+2 SInv}
 29940 | Shoals:2 | Noticed Ilsuiw
 29961 | Shoals:2 | Killed Ilsuiw
 29970 | Shoals:2 | Reached skill level 10 in Evocations
 30037 | Shoals:2 | Identified the ring "Filyhydu" {rElec rF+ Will+ Int+4}
 30082 | Shoals:2 | Found a transporter.
 30203 | Shoals:2 | Found Ucvunuigg's Visitors' Centre.
 30208 | Shoals:2 | Found Ucvunuigg's Merfolk Weapons.
 30208 | Shoals:2 | Found Ucvunuigg's Merfolk Armours.
 30208 | Shoals:2 | Found Ucvunuigg's Merfolk Magic.
 30359 | Shoals:3 | Received a gift from Trog
 30501 | Shoals:3 | Found a runed translucent gate.
 30501 | Shoals:3 | Found a runed translucent gate.
 30501 | Shoals:3 | Found a runed translucent gate.
 30503 | Shoals:3 | Found an opulent altar of Gozag.
 30504 | Shoals:3 | Noticed Qeucad's ghost (adept DDNe)
 30827 | Shoals:3 | Killed Qeucad's ghost
 30922 | Shoals:4 | Entered Level 4 of the Shoals
 31111 | Shoals:4 | Received a gift from Trog
 31198 | Shoals:4 | Got a barnacled rune of Zot
 31376 | Shoals:4 | Identified the ring of Twilight {rF+ rN+ EV+5}
 31515 | Shoals:4 | Identified the +5 chain mail of Omission {rC+}
 31660 | Shoals:4 | Identified the +0 battleaxe "Gafunaat" {elec, rElec Will-
                  | Dex+3}
 31784 | Shoals:4 | Identified the +6 shortbow "Micheow" {freeze, Dex+2}
 32123 | Vaults:1 | Entered Level 1 of the Vaults
 32151 | Vaults:1 | Reached XP level 19. HP: 153/179 MP: 7/18
 32161 | Vaults:1 | Reached skill level 18 in Fighting
 32261 | Vaults:1 | Found a crumbling gateway.
 32276 | Desolati | Entered the Desolation of Salt
 32350 | Desolati | Reached skill level 15 in Throwing
 32625 | Desolati | Identified the +1 robe of Tufromug {+Blink Int-3 Stlth+}
 32628 | Desolati | Identified the ring of Yfio {rPois rCorr}
 32698 | Desolati | Received a gift from Trog
 32828 | Desolati | Identified the +1 scale mail of the Cobbler {Slay+2}
 32913 | Desolati | Identified the ring of Myotint {+Blink rElec rC++ Dex-4
                  | SInv}
 32969 | Desolati | Identified the ring "Affid" {Fly rPois rF+ Str-5 Slay+3}
 33209 | Vaults:1 | Reached skill level 19 in Fighting
 33415 | Vaults:1 | Received a gift from Trog
 33608 | Vaults:1 | Reached skill level 20 in Fighting
 33877 | Vaults:1 | Reached XP level 20. HP: 193/193 MP: 19/19
 34060 | Vaults:1 | Found Xeajeq's Antique Armour Shop.
 34065 | Vaults:1 | Bought a pair of buzzing gloves for 370 gold pieces
 34065 | Vaults:1 | Identified the +0 pair of gloves of Siulyuk {Harm rCorr
                  | Str-5 Dex+2} (You bought it in a shop on level 1 of the
                  | Vaults)
 34510 | Vaults:2 | Received a gift from Trog
 34979 | Vaults:2 | Found a staircase to the Crypt.
 34979 | Vaults:2 | Found an ancient bone altar of Kikubaaqudgha.
 34980 | Vaults:2 | Found a basalt altar of Yredelemnul.
 35113 | Vaults:2 | Found a transporter.
 35113 | Vaults:2 | Found a transporter.
 35113 | Vaults:2 | Noticed Vivivvi's ghost (veteran DjCj)
 35605 | Vaults:3 | Received a gift from Trog
 36330 | Vaults:4 | Received a gift from Trog
 37883 | Depths:1 | Entered Level 1 of the Depths
 37965 | Depths:1 | Reached XP level 21. HP: 161/203 MP: 20/20
 37974 | Depths:1 | Reached skill level 21 in Fighting
 38099 | Depths:1 | Found a gateway to Hell.
 38166 | Depths:1 | Found Tiuz's Distillery.
 38282 | Depths:1 | Found a one-way gate leading to the halls of Pandemonium.
 38290 | Depths:1 | Identified the +12 broad axe of Raot {heavy, Will+} (Trog
                  | gifted it to you on level 1 of the Depths)
 38290 | Depths:1 | Received a gift from Trog
 38379 | Depths:1 | Found a portal to a secret trove of treasure.
 39488 | Depths:2 | Found a one-way gateway to a ziggurat.
 39741 | Depths:2 | Found a one-way gate to the infinite horrors of the Abyss.
 40236 | Depths:3 | Received a gift from Trog
 40280 | Depths:3 | Found an ancient bone altar of Kikubaaqudgha.
 40435 | Depths:3 | Noticed Xtahua
 40444 | Depths:3 | Killed Xtahua
 40708 | Depths:3 | Reached skill level 22 in Fighting
 40844 | Depths:3 | Noticed Saint Roka
 40853 | Depths:3 | Noticed a juggernaut
 40856 | Depths:3 | Killed Saint Roka
 40863 | Depths:3 | Killed a juggernaut
 40868 | Depths:3 | Identified the +1 broad axe of Hoerikhe {heavy, rPois
                  | Str+2} (Trog gifted it to you on level 3 of the Depths)
 40868 | Depths:3 | Received a gift from Trog
 40881 | Depths:3 | Reached XP level 22. HP: 113/215 MP: 21/21
 41091 | Depths:3 | Noticed a juggernaut
 41098 | Depths:3 | Killed a juggernaut
 41619 | Depths:4 | Entered Level 4 of the Depths
 41967 | Depths:4 | Found a sparkling altar of Nemelex Xobeh.
 42163 | Depths:4 | Noticed a golden dragon
 42178 | Depths:4 | Noticed a golden dragon
 42282 | Depths:4 | Received a gift from Trog
 42303 | Depths:4 | Reached skill level 23 in Fighting
 42488 | Depths:4 | Found a runed translucent door.
 42488 | Depths:4 | Found a runed translucent door.
 42488 | Depths:4 | Found a runed translucent door.
 42504 | Depths:4 | Killed a golden dragon
 42612 | Depths:4 | Killed a golden dragon
 42671 | Depths:4 | Found a runed translucent door.
 42673 | Depths:4 | Found a runed translucent door.
 42673 | Depths:4 | Found a runed translucent door.
 42920 | Depths:4 | Found a gate to the Realm of Zot.
 44014 | Vaults:5 | Entered Level 5 of the Vaults
 44021 | Vaults:5 | Noticed a golden dragon
 44199 | Vaults:5 | Killed a golden dragon
 44208 | Vaults:5 | Reached skill level 24 in Fighting
 44209 | Vaults:5 | Noticed a dread lich
 44210 | Vaults:5 | Identified the +8 morningstar of Inoeri Quxo {flame, rN+
                  | Str+3} (Trog gifted it to you on level 5 of the Vaults)
 44210 | Vaults:5 | Received a gift from Trog
 44220 | Vaults:5 | Killed a dread lich
 44248 | Vaults:5 | Reached XP level 23. HP: 124/232 MP: 22/22
 44425 | Vaults:5 | Reached skill level 25 in Fighting
 44467 | Vaults:5 | Identified the +1 plate armour "Teizago" {Fly}
 44515 | Vaults:5 | Noticed Frederick
 44523 | Vaults:5 | Killed Frederick
 44561 | Vaults:5 | Received a gift from Trog
 44728 | Vaults:5 | Got a silver rune of Zot
 44740 | Vaults:5 | Identified the +7 demon whip of the Summoning Mosquito
                  | {drain, Dex+3}
 45034 | Vaults:5 | Identified the +7 dagger of Kismet {venom, rF+ Str+3 Dex+2}
 45060 | Vaults:5 | Identified the +8 hand axe of Icogh {speed, Str+2}
 45877 | Depths:1 | You paid a toll of a +7 demon whip to enter a treasure
                  | trove
 45878 | Trove    | Entered a treasure trove
 45885 | Trove    | Identified the ring "Wabaghen" {rElec rPois rF+ Stlth+}
 45907 | Trove    | Identified the amulet of the Median {Rampage rF+++ rC-
                  | Regen+ Dex+2}
 45913 | Trove    | Identified the +1 kite shield of the Journeyman {rN++
                  | Will-}
 45916 | Trove    | Identified the +2 hat of Aseo {rN+}
 45918 | Trove    | Identified the -1 hat of Dyspraxia {rF+ Int+3 Dex+2 Slay+3}
 45920 | Trove    | Identified the +2 hat of Yredelemnul's Pride {Int+3}
 45941 | Trove    | Identified the ring "Biedo" {MP+9 Str-5 Dex+3 Slay+5 SInv}
 45954 | Trove    | Identified the ring of Tomorrow {rPois rN+ rCorr Str-3
                  | SInv}
 45969 | Trove    | Identified the ring "Qiho" {Str+3 Int+6 Dex+4}
 46224 | Zot:1    | Entered Level 1 of the Realm of Zot
 46367 | Zot:1    | Received a gift from Trog
 46420 | Zot:1    | Noticed a curse toe
 46429 | Zot:1    | Killed a curse toe
 46543 | Zot:1    | Noticed Parghit
 46623 | Zot:1    | Killed Parghit
 47222 | Zot:2    | Noticed a curse toe
 47239 | Zot:1    | Killed a curse toe
 47434 | Zot:2    | Noticed an orb of fire
 47443 | Zot:2    | Reached skill level 26 in Fighting
 47781 | Zot:1    | Gained mutation: You are vulnerable to heat. (rF-) [an orb
                  | of fire]
 47782 | Zot:1    | Killed an orb of fire
 47783 | Zot:1    | Lost mutation: You are vulnerable to heat. (rF-) [potion of
                  | mutation]
 47783 | Zot:1    | Gained mutation: You are partially covered in iridescent
                  | scales. (AC +2) [potion of mutation]
 47783 | Zot:1    | Gained mutation: You are agile. (Dex +4, Str/Int -1)
                  | [potion of mutation]
 48138 | Zot:3    | Received a gift from Trog
 48235 | Zot:4    | Reached XP level 24. HP: 171/245 MP: 22/22
 48997 | Zot:4    | Noticed a Killer Klown
 49014 | Zot:4    | a Killer Klown changed into a golden dragon
 49477 | Zot:5    | Entered Level 5 of the Realm of Zot
 49506 | Zot:5    | Identified the +1 trident of False Accusations {flame,
                  | *Rage rN+ Str+3 Dex+6} (Trog gifted it to you on level 5 of
                  | the Realm of Zot)
 49506 | Zot:5    | Received a gift from Trog
 50220 | Zot:5    | Noticed a dread lich
 50227 | Zot:5    | Killed a dread lich
 50238 | Zot:5    | Reached skill level 27 in Fighting
 50374 | Zot:5    | Noticed a Killer Klown
 50374 | Zot:5    | Noticed an orb of fire
 50374 | Zot:5    | Noticed an ancient lich
 50380 | Zot:5    | Noticed an orb of fire
 50380 | Zot:5    | Noticed an orb of fire
 50382 | Zot:5    | Noticed a Killer Klown
 50390 | Zot:5    | Killed an orb of fire
 50394 | Zot:5    | Killed an orb of fire
 50400 | Zot:5    | Gained mutation: You are mostly covered in iridescent
                  | scales. (AC +4) [an orb of fire]
 50404 | Zot:5    | Killed an ancient lich
 50407 | Zot:5    | Killed a Killer Klown
 50408 | Zot:5    | Killed an orb of fire
 50411 | Zot:5    | Killed a Killer Klown
 50836 | Zot:5    | Noticed an ancient lich
 50843 | Zot:5    | Noticed an orb of fire
 50844 | Zot:5    | Killed an ancient lich
 50844 | Zot:5    | Noticed a Killer Klown
 50846 | Zot:5    | Gained mutation: You are weak. (Str -2) [an orb of fire]
 50854 | Zot:5    | Noticed an orb of fire
 50856 | Zot:5    | Gained mutation: Your body sometimes deteriorates upon
                  | taking damage. [an orb of fire]
 50858 | Zot:5    | Killed an orb of fire
 50861 | Zot:5    | Noticed a dread lich
 50865 | Zot:5    | Gained mutation: You are very weak. (Str -4) [an orb of
                  | fire]
 50867 | Zot:5    | Lost mutation: You are agile. (Dex +4, Str/Int -1) [an orb
                  | of fire]
 50867 | Zot:5    | Noticed a dread lich
 50870 | Zot:5    | Reached XP level 25. HP: 257/257 MP: 22/22
 50870 | Zot:5    | Gained mutation: You are dopey. (Int -2) [an orb of fire]
 50875 | Zot:5    | Killed an orb of fire
 50880 | Zot:5    | Killed a dread lich
 50880 | Zot:5    | Noticed an ancient lich
 50883 | Zot:5    | Killed a dread lich
 50893 | Zot:5    | Killed a Killer Klown
 50895 | Zot:5    | Killed an ancient lich
 50979 | Zot:5    | Noticed an ancient lich
 50988 | Zot:5    | Received a gift from Trog
 50994 | Zot:5    | Killed an ancient lich
 51049 | Zot:5    | Noticed a dread lich
 51056 | Zot:5    | Killed a dread lich
 51251 | Zot:5    | Got the Orb of Zot
 51400 | Depths:4 | Gained mutation: Your body often deteriorates upon taking
                  | damage. [a cacodemon]
 51805 | D:9      | Noticed Waekhit the pandemonium lord
 51952 | D:2      | Noticed Uley the pandemonium lord
 51990 | D:1      | gg
 51991 | D:$      | Escaped with the Orb!

Illustrated notes

......###....##.......#..........
.............##..##.....#........
###.#.##'#######'##########......
#.#.#...#...#...#...# ##.##.##
###.#.#...'...'...'.⌠.####...#.#
......#...#...#...#...#........#
###.####'#######'###'#####...####
#.# #...#...#...#...# ##.## #
#.###...#...'.@.#.⌠.# #.# #
#>..#...#...#...#...# #.# #
#...##'#######'###'## #.# #
#.###...#...#...#...# #.# # #.#
#...#...'...#...# #.# #
###.###...#...#...#...# #.# #
......##'############## #.#####
###.###...#...#...#...# #......
#.# #...'...'...'.⌠.# ######.


Turn 51990 on D:1: gg

Levels and vault maps discovered:
D:1:      co_arrival_random_square_maze, layout_loops_ring, serial_shops, shop,
          dreamdust_mushroom_princess, glass_columns_a
D:2:      layout_rooms, minivault_25
D:3:      layout_loops_ring, serial_forest, infiniplex_forest_clump_diagonal,
          infiniplex_forest_straight_4, infiniplex_forest_corner_1,
          infiniplex_forest_clump_curved, infiniplex_forest_end_2,
          kennysheep_cluttered_room, minmay_misc_feat_room
D:4:      minmay_bubble_buster, layout_cave_pools, grunt_temple_overflow_open,
          minmay_manual_mess
D:5:      layout_loops_ring, lemuel_temple_firewalk_a, nicolae_underground_beach
D:6:      minmay_cornered_nines, layout_basic, gammafunk_ghost_arena, uniq_pikel
D:7:      cheibrodos_barr_body, layout_rooms, serial_shops,
          nicolae_stop_n_shop_1, hex_medium
D:8:      layout_basic
D:9:      layout_irregular_city, chequers_serial_rivers_marsh
D:10:     layout_small_grid, orc_david_3, lemuel_flamethrower_2
D:11:     layout_basic, erik_lair_orcish_takeover, gauntlet_entry_generic,
          nicolae_rejected_hall
D:12:     layout_stronghold, kennysheep_pointless_box, grunt_ministairs_2
D:13:     thingy_vault, layout_long_grid
D:14:     layout_cave_pools, david_vaults_1, gammafunk_ghost_mausoleum,
          serial_shops, shop, serial_bayou_pond_c, chequers_big_river,
          zin_treasury, uniq_roxanne
D:15:     grunt_enter_depths_snipers, layout_basic,
          gammafunk_ghost_tricky_traps, nicolae_gozag_seed_capital
Lair:1:   dreamdust_cave_troll, layout_loops_ring, grunt_megastairs_2,
          serial_bayou_shore_b
Lair:2:   layout_small_grid, elwin_shoals_entry_rocks,
          minmay_snake_entry_guardpost_small, tgw_fedhas
Lair:3:   layout_misc_corridors, st_stairs_8, infiniplex_staircase_pool,
          uniq_urug
Lair:4:   layout_regular_city, slime_entry_1
Lair:5:   hangedman_lair_tendril_chambers, layout_cellular_growth,
          portal_ice_cave_entry_pillars_1, grunt_megastairs_1
Shoals:1: layout_shoals
Shoals:2: nicolae_shoals_mermall, layout_shoals, gammafunk_ghost_arena,
          serial_shops, bzr_entry_lakeside, centaur_isle, uniq_ilsuiw
Shoals:3: layout_shoals, ebering_ghost_gozag
Shoals:4: shoals_end_grunt_garden, layout_shoals
Snake:1:  cheibrodos_snake_lava_hold, layout_layer_cave, minmay_shop_grove,
          grunt_megastairs_5, uniq_rupert, uniq_nikola
Snake:2:  layout_onion, nicolae_snake_herptile_family_reunion, uniq_aizul
Snake:3:  nrook_guardian_serpent_snake_passage, layout_chambers, basic_altar,
          gammafunk_ghost_necromancy, minmay_shoptagon, uniq_louise
Snake:4:  minmay_snake_end_coiled, layout_onion_interference, serial_shops,
          nicolae_square_shop, uniq_vashnia
Orc:1:    layout_diamond_mine
Orc:2:    st_orc_town, layout_caves, basic_altar
Vaults:1: portal_desolation_entry_nicolae_slug, grunt_vaults_funnel, st_cells,
          nicolae_vaults_diagonal_hallway_8, v_pattern_5, v_misc_29, v_misc_27,
          vaults_dpeg_ring, v_misc_12, nicolae_vaults_network_square,
          nicolae_vaults_theta, layout_vaults_omnicross, serial_shops,
          nicolae_shop_waterfront
Vaults:2: gammafunk_ghost_arena, ontoclasm_vaults_ring_square, v_misc_24,
          nicolae_vaults_little_ls, v_misc_1, nicolae_vaults_big_ls,
          nicolae_vaults_ring_of_whatevers, minmay_crypt_entry_necro_gods,
          layout_vaults_omnigrid
Vaults:3: vaults_dpeg_cross, vaults_dpeg_emergency_exit, ontoclasm_vaults_tryst,
          nicolae_vaults_back_hallway, layout_vaults_big_room
Vaults:4: v_misc_14, nicolae_vaults_sealed_display,
          nicolae_vaults_mini_display_case, grunt_vaults_bifocal,
          nicolae_vaults_twisting_passages, nicolae_vaults_alarming,
          vaults_room_door_ring, v_misc_3, vaults_room_grunt_arrival_ludios,
          nicolae_vaults_specimen_jars, hangedman_vaults_stretched_pinwheel,
          grunt_vaults_diagonal, layout_vaults_ring
Vaults:5: uniq_frederick
Depths:1: layout_gridlike, serial_shops, shop, enter_trove_3,
          minmay_stone_trees_small, marbit_kobold_abyss_entry,
          rand_demon_pan_entry_9, hell_entry, lightli_fourway_metalbox
Depths:2: minmay_slanted_spiral_squares, layout_honeycomb, enter_ziggurat_f,
          hell_entry, rand_demon_pan_entry_1, abyss_entry, nrook_campfire,
          minmay_metal_thing
Depths:3: nicolae_hexawheel, layout_gridlike, abyss_entry, grunt_hell_horde,
          kiku_gazebo_garden_becter, uniq_xtahua, uniq_saint_roka
Depths:4: evilmike_zot_entry_castle, layout_gridlike, hell_entry,
          nemelex_lonely_heart_becter
Zot:1:    lemuel_firehouse, layout_onion, uniq_parghit
Zot:2:    layout_gridlike
Zot:3:    layout_gridlike, lemuel_golem_globe
Zot:4:    layout_gridlike
Zot:5:    layout_misc_corridors, st_stairs_5, skrybe_zot_glass_3

Skill      XL: |  1  2  3  4  5  6  7  8  9 10 11 12 13 14 15 16 17 18 19 20 21 22 23 24 25 |
---------------+----------------------------------------------------------------------------+-----
Fighting       | 2 3 4 5 6 8 9 11 12 13 15 16 17 20 22 24 26 27 | 27.0
Polearms       | 4 5 6 |  6.0
Armour         | 2 6 8 11 12 13 15 16 17 18 19 20 21 23 24 | 24.4
Shields        | 4 5 11 15 16 17 18 19 20 21 23 24 | 24.6
Evocations     | 4 6 8 9 10 12 | 12.0
Dodging        | 8 11 13 14 | 14.0
Throwing       | 9 11 12 13 14 16 17 18 20 | 20.0
Axes           | 2 9 16 17 | 17.6
Stealth        | |  1.0
Unarmed Combat | |  2.1

Action                     |  1- 3 |  4- 6 |  7- 9 | 10-12 | 13-15 | 16-18 | 19-21 | 22-24 | 25-27 || total
---------------------------+-------+-------+-------+-------+-------+-------+-------+-------+-------++-------
  Melee: Trident           |    95 |   199 |   316 |   713 |       |       |       |       |       ||  1323
         Headbutt          |    14 |    22 |    51 |   199 |   246 |   377 |   412 |   342 |    36 ||  1699
         Broad axe         |       |       |       |    24 |   934 |  1518 |  1336 |  1088 |   112 ||  5012
  Throw: Dart              |       |       |       |     6 |     2 |     1 |       |       |       ||     9
         Boomerang         |       |       |       |     6 |       |     3 |       |    14 |       ||    23
         Javelin           |       |       |       |       |     6 |       |       |    54 |       ||    60
 Invoke: Berserk           |       |       |     5 |     8 |     6 |     4 |     2 |     2 |       ||    27
         Trog's Hand       |       |       |       |       |       |     1 |       |     1 |       ||     2
         Brothers in Arms  |       |       |       |       |       |       |       |     1 |       ||     1
  Evoke: Wand              |       |     2 |    11 |     7 |       |     1 |       |     1 |       ||    22
         Box of beasts     |       |       |       |     1 |       |     1 |       |       |       ||     2
         Lightning rod     |       |       |       |       |       |     2 |       |       |       ||     2
         Tin of tremorston |       |       |       |       |       |     4 |       |     1 |       ||     5
         Condenser vane    |       |       |       |       |       |     3 |       |       |       ||     3
    Use: Scroll            |       |    11 |     5 |     5 |    18 |     7 |       |    15 |     1 ||    62
         Potion            |       |     5 |       |     3 |       |     1 |       |     5 |     1 ||    15
   Stab: Sleeping          |     2 |     1 |     2 |       |       |       |       |       |       ||     5
         Invisible         |       |       |       |     2 |       |       |       |       |       ||     2
         Distracted        |       |       |       |     1 |       |       |       |     1 |       ||     2
 Armour: Leather armour    |    25 |    17 |       |       |       |       |       |       |       ||    42
         Skin              |       |     4 |       |       |       |       |       |       |       ||     4
         Ring mail         |       |    15 |    18 |       |       |       |       |       |       ||    33
         Chain mail        |       |       |    45 |   241 |   483 |   564 |   416 |   303 |       ||  2052
         Troll leather arm |       |       |    18 |       |       |       |       |       |       ||    18
         Plate armour      |       |       |       |    66 |       |       |       |       |       ||    66
         Gold dragon scale |       |       |       |       |       |       |       |   183 |    23 ||   206
  Dodge: Dodged            |    32 |    78 |   102 |   277 |   650 |   568 |   515 |   604 |    13 ||  2839
  Block: Buckler           |    11 |    64 |    97 |   219 |   347 |   114 |       |       |       ||   852
         Kite shield       |       |       |       |       |       |  1047 |  1140 |   347 |       ||  2534
         Reflection        |       |       |       |       |       |   144 |    49 |    48 |     2 ||   243
         Tower shield      |       |       |       |       |       |       |       |  1293 |   111 ||  1404

Table legend: (Time is in decaauts)
 A = Elapsed time spent in this place.
 B = Non-inter-level travel time spent in this place.
 C = Inter-level travel time spent in this place.
 D = Time resting spent in this place.
 E = Time spent auto-exploring this place.
 F = Levels seen in this place.
 G = Mean time per level.
                   A        B        C        D        E       F      G
               +--------+--------+--------+--------+--------+-----+--------+
         Total |  52185 |  46516 |   5669 |   6266 |  26802 |  49 | 1065.0 |
       Dungeon |  18350 |  15592 |   2758 |   2135 |   8664 |  15 | 1223.3 |
          Lair |   5063 |   4535 |    528 |    122 |   3566 |   5 | 1012.6 |
        Shoals |   3228 |   2997 |    231 |    265 |   1568 |   4 |  807.0 |
     Snake Pit |   5267 |   4771 |    496 |    609 |   2949 |   4 | 1316.8 |
  Orcish Mines |   1077 |    963 |    114 |      0 |    681 |   2 |  538.5 |
        Vaults |   6564 |   5770 |    794 |    397 |   3831 |   5 | 1312.8 |
        Depths |   5852 |   5370 |    482 |    833 |   3214 |   4 | 1463.0 |
           Zot |   5017 |   4755 |    262 |   1825 |   1472 |   5 | 1003.4 |
        Bazaar |    151 |    151 |      0 |      0 |     77 |   1 |  151.0 |
         Trove |    193 |    193 |      0 |      0 |    148 |   1 |  193.0 |
      Ice Cave |    197 |    197 |      0 |     19 |      0 |   1 |  197.0 |
    Desolation |    800 |    800 |      0 |     60 |    420 |   1 |  800.0 |
      Gauntlet |    420 |    420 |      0 |      0 |    210 |   1 |  420.0 |
               +--------+--------+--------+--------+--------+-----+--------+

Top non-repeatable levels by time:
    D:11: 2167 daAuts
 Snake:3: 1841 daAuts
   Zot:5: 1770 daAuts
Depths:4: 1736 daAuts
Vaults:2: 1573 daAuts
Depths:2: 1500 daAuts
 Snake:1: 1499 daAuts
   Zot:1: 1464 daAuts
  Lair:2: 1449 daAuts
Vaults:1: 1434 daAuts
Depths:3: 1430 daAuts
     D:3: 1414 daAuts
    D:15: 1379 daAuts
Vaults:5: 1373 daAuts
    D:10: 1348 daAuts
